 Dungeon Crawl Stone Soup version 0.31-a0-986-g5e6e4ef867 (webtiles) character file.

Game seed: 3830022955301022732

5628 p00ps00p the Cleaver (level 10, -17/93 HPs)
             Began as a Hill Orc Fighter on Nov 11, 2023.
             Was an Initiate of Gozag.
             Demolished by Gastronok (24 damage)
             ... on level 9 of the Dungeon.
             The game lasted 00:15:14 (10741 turns).

p00ps00p the Cleaver (Hill Orc Fighter)            Turns: 10741, Time: 00:15:15

Health: -17/93     AC: 17    Str: 21 (24) XL:     10   Next: 74%
Magic:  10/10      EV:  6    Int:  5 (8)  God:    Gozag
Gold:   446        SH:  5    Dex:  7 (10) Spells: 9/9 levels left

rFire   + . .        a - +1 war axe
rCold   . . .        c - +0 buckler
rNeg    . . .        b - +2 plate armour
rPois   +            (no helmet)
rElec   .            (no cloak)
rCorr   .            h - +0 pair of gloves
SInv    .            (no boots)
Will    .....        o - amulet of the acrobat Stlth
                     g - ring of protection from fire
HPRegen 0.35/turn    d - ring of poison resistance
MPRegen 0.12/turn

%: acrobat
@: hasted, very quick
A: no striking features
a: Renounce Religion, Potion Petition, Call Merchant, Bribe Branch


You were on level 9 of the Dungeon.
You worshipped Gozag.
Gozag was aware of your devotion.
You visited 2 branches of the dungeon, and saw 10 of its levels.

You collected 633 gold pieces.
You paid 187 gold pieces to Gozag.

Inventory:

Hand Weapons
 a - a +1 war axe (weapon)
 v - a +0 whip
 D - the +1 quarterstaff of Agony {flame, rPois Dex+2}
   (You found it on level 8 of the Dungeon)

   Dex+2:     It affects your dexterity (+2).
   rPois:     It protects you from poison
Missiles
 x - 5 atropa-tipped darts (quivered)
 y - 11 poisoned darts
 A - a throwing net
 F - 3 curare-tipped darts
 G - 6 darts of dispersal
Armour
 b - a +2 plate armour (worn)
 c - a +0 buckler (worn)
 e - a +0 chain mail
 h - a +0 pair of gloves (worn)
Jewellery
 d - a ring of poison resistance (right hand)
 g - a ring of protection from fire (left hand)
 m - an amulet of faith
 o - an amulet of the acrobat (around neck)
 r - a ring of magical power
 s - an amulet of guardian spirit
 C - a +6 ring of intelligence
Wands
 q - a wand of flame (15)
Scrolls
 j - 4 scrolls of amnesia
 l - 3 scrolls of fog
 p - 5 scrolls of teleportation
 u - a scroll of enchant weapon
 w - a scroll of immolation
Potions
 f - a potion of haste
 i - a potion of brilliance
 k - a potion of resistance
 n - a potion of magic
 t - 2 potions of mutation


   Skills:
 + Level 10.1 Fighting
 + Level 10.6 Axes
 + Level 9.2 Armour
 + Level 9.3 Shields


You had 9 spell levels left.
You didn't know any spells.
Your spell library contained the following spells:

 Spells                   Type           Power      Damage    Failure   Level
 Blink                    Tloc           0%         N/A       100%        2
 Ensorcelled Hibernation  Hex/Ice        0%         N/A       100%        2
 Lesser Beckoning         Tloc           0%         N/A       100%        2
 Momentum Strike          Conj/Tloc      0%         3d8       100%        2
 Passwall                 Tmut/Erth      0%         N/A       100%        2
 Ozocubu's Armour         Ice            0%         N/A       100%        3
 Stone Arrow              Conj/Erth      0%         3d7       100%        3
 Swiftness                Air            0%         N/A       100%        3
 Animate Armour           Summ/Erth      0%         N/A       100%        4
 Manifold Assault         Tloc           0%         N/A       100%        4
 Dispersal                Tloc           0%         N/A       100%        6
 Ozocubu's Refrigeration  Ice            0%         4d7       100%        7
 Disjunction              Tloc           0%         N/A       100%        8
 Lehudib's Crystal Spear  Conj/Erth      0%         10d2      100%        8


Dungeon Overview and Level Annotations

Branches:
Dungeon (9/15)             Temple (1/1) D:5
   Lair: D:8-11         Orc: D:9-12

Altars:
Ashenzari
Cheibriados
Dithmenos
Elyvilon
Fedhas
Gozag
Hepliaklqana
Kikubaaqudgha
Makhleb
Nemelex Xobeh
Okawaru
Ru
Sif Muna
Trog
Uskayaw
Wu Jian
Xom
Yredelemnul
Zin
The Shining One

Annotations:
D:7 2 transporters, kd29's ghost, novice TrSh
D:9 Gastronok


Message History

Gastronok is lightly wounded.
You hit Gastronok.
Gastronok is lightly wounded.
You block Gastronok's attack.
You hit Gastronok.
Gastronok is lightly wounded.
You slash Gastronok!
Gastronok is moderately wounded.
Gastronok waves his eye-stalks in wide circles.
The air twists around and strikes you!!
You slash Gastronok!
Gastronok is moderately wounded.
You hit Gastronok.
Gastronok is moderately wounded.
Gastronok bites you.
You slash Gastronok!
Gastronok is heavily wounded.
You hit Gastronok.
Gastronok is heavily wounded.
Gastronok bites you!!
You hit Gastronok.
Gastronok is heavily wounded.
You slash Gastronok!
Gastronok is heavily wounded.
Gastronok bites you.
* * * LOW HITPOINT WARNING * * *
You feel yourself speed up.
You hit Gastronok.
Gastronok is heavily wounded.
Gastronok bites you!!
* * * LOW HITPOINT WARNING * * *
You slash Gastronok!
Gastronok is heavily wounded.
It was a potion of degeneration.
There was something very wrong with that liquid.
You feel weakened.
You feel dopey.
You feel clumsy.
It was a potion of curing.
You feel better. Gastronok bites you!!
You die...
Gastronok gurgles, "Time to dig in!"
Your body crumbles into a pile of gold.

####<.# #####......#
##.# #..##......# #.#
#..##......# #.#
#..##......# ###.###
##..#....... #.....#
#..#....... #.....#
#..#####.). #...w.#
##..# #...# ..#...@.#
#..###)#.# .........#
#....)_).#
...#.....######...##.###
.......[........#..#..##
...#.....#####..........
.. #.....# ##>####.... .
####### #.####.###
#...##.# #.[....#


You could see Gastronok.

Vanquished Creatures
  A two-headed ogre (D:8)
  A wraith (D:7)
  A steam dragon (D:8)
  3 yaks
  An acid dragon (D:9)
  2 water moccasins
  2 black bears (D:6)
  3 hornet zombies (D:7)
  2 sky beasts
  An ogre (D:6)
  4 ice beasts
  A phantom (D:6)
  4 centaurs
  5 kobold brigands
  5 bullfrogs
  A gnoll sergeant (D:7)
  A necrophage (D:7)
  6 scorpions
  5 wights (D:7)
  7 killer bees (D:8)
  3 howler monkeys (D:7)
  A centaur zombie (D:7)
  2 bullfrog zombies (D:7)
  2 hounds
  A jelly (D:6)
  A human zombie (D:7)
  A sleepcap (D:6)
  An iguana (D:4)
  6 orc wizards
  2 killer bee zombies (D:7)
  A mummy (D:7)
  9 adders
  4 gnolls (D:7)
  A shadow imp (D:7)
  2 white imps
  6 worms
  5 dart slugs
  17 orcs
  7 ball pythons
  4 endoplasms
  2 giant cockroaches (D:3)
  9 goblins
  4 hobgoblins
  4 jackals (D:1)
  3 quokkas
  6 bats
  A frilled lizard (D:1)
  27 kobolds
  5 rats
193 creatures vanquished.

Vanquished Creatures (others)
  4 killer bees (D:8)
4 creatures vanquished.

Grand Total: 197 creatures vanquished

Notes
Turn   | Place    | Note
-------+----------+-------------------------------------------
     0 | D:1      | p00ps00p the Hill Orc Fighter began the quest for the Orb.
     0 | D:1      | Reached XP level 1. HP: 19/19 MP: 1/1
   253 | D:1      | Reached XP level 2. HP: 27/27 MP: 2/2
   278 | D:1      | Found a faded altar of an unknown god.
   385 | D:1      | Reached XP level 3. HP: 33/33 MP: 3/3
   977 | D:2      | Reached XP level 4. HP: 40/40 MP: 4/4
   990 | D:2      | Found a sacrificial altar of Ru.
  1718 | D:3      | Found a faded altar of an unknown god.
  1723 | D:3      | Found a glowing golden altar of the Shining One.
  1826 | D:3      | Reached XP level 5. HP: 43/47 MP: 5/5
  2715 | D:4      | Found a snail-covered altar of Cheibriados.
  3049 | D:4      | Reached skill level 5 in Fighting
  3049 | D:4      | Reached XP level 6. HP: 48/56 MP: 6/6
  3524 | D:5      | Entered Level 5 of the Dungeon
  3744 | D:5      | Found a sacrificial altar of Ru.
  3910 | D:5      | Reached skill level 5 in Axes
  4206 | D:5      | Reached skill level 5 in Armour
  4206 | D:5      | Reached skill level 5 in Shields
  4486 | D:5      | Found a staircase to the Ecumenical Temple.
  4557 | Temple   | Entered the Ecumenical Temple
  4794 | D:6      | Reached XP level 7. HP: 59/61 MP: 7/7
  5172 | D:6      | Reached XP level 8. HP: 65/71 MP: 8/8
  6156 | D:7      | Noticed a wraith
  6168 | D:6      | Reached XP level 9. HP: 38/79 MP: 9/9
  7441 | D:7      | Found a transporter.
  7442 | D:7      | Found a transporter.
  7443 | D:7      | Noticed kd29's ghost (novice TrSh)
  7443 | D:7      | Noticed a hornet
  7447 | D:7      | Noticed a queen bee
  7992 | D:7      | Found a basalt altar of Yredelemnul.
  8197 | D:8      | Reached XP level 10. HP: 88/91 MP: 10/10
  8762 | D:8      | Identified the +1 quarterstaff of Agony {flame, rPois
                  | Dex+2}
  8909 | D:8      | Noticed a two-headed ogre
  8928 | D:8      | Killed a two-headed ogre
  8929 | D:8      | Reached skill level 10 in Axes
  9633 | D:8      | Found a white marble altar of Elyvilon.
  9885 | D:8      | Reached skill level 10 in Fighting
 10441 | D:9      | Found an opulent altar of Gozag.
 10457 | D:9      | Became a worshipper of Gozag Ym Sagoz the Greedy
 10553 | D:9      | Found a glowing silver altar of Zin.
 10661 | D:9      | Found an ancient bone altar of Kikubaaqudgha.
 10720 | D:9      | Noticed Gastronok
 10738 | D:9      | HP: 1/93 [Gastronok (25)]
 10741 | D:9      | Demolished by Gastronok

Illustrated notes

Levels and vault maps discovered:
D:1:      grunt_arrival_lava_bath, layout_loops_ring,
          hellmonk_ecumenical_altar_heavens_door
D:2:      layout_basic, basic_altar, nicolae_wormholes
D:3:      layout_loops_cross, nicolae_overflow_ecumenical_swirl,
          minmay_fractal_squares_gapless_5
D:4:      layout_cave_pods, mainiacjoe_overflow_small_starburst
D:5:      nicolae_BIG_FREAKIN_CUBE, layout_cave_pods, nicolae_ru_awakened_eye,
          minmay_temple_entry_statues_pillars
D:6:      layout_basic
D:7:      layout_rooms, lemuel_mausoleum_altar_yredelemnul, gammafunk_ghost_hive
D:8:      layout_loops_ring, lemuel_crystal_altar, minmay_bent
D:9:      layout_rooms, zin_scriptorium, mainiacjoe_overflow_six_doors_small,
          kennysheep_mini, lemuel_crystal_altar, uniq_jeremiah, uniq_gastronok
Temple:   chequers_temple_sunken

Skill      XL: |  1  2  3  4  5  6  7  8  9 10 |
---------------+-------------------------------+-----
Axes           | 3 4 5 6 7 9 10 | 10.6
Fighting       | 4 5 6 7 9 10 | 10.1
Shields        | 4 5 7 8 9 |  9.3
Armour         | 4 5 6 8 9 |  9.2

Action                     |  1- 3 |  4- 6 |  7- 9 | 10-12 || total
---------------------------+-------+-------+-------+-------++-------
  Melee: War axe           |    64 |   166 |   326 |   163 ||   719
  Throw: Dart              |       |       |     1 |     2 ||     3
    Use: Scroll            |     2 |     9 |     3 |     3 ||    17
         Potion            |       |       |     4 |     8 ||    12
   Stab: Invisible         |       |       |       |     2 ||     2
         Distracted        |       |       |       |     1 ||     1
 Armour: Chain mail        |    67 |    28 |       |       ||    95
         Plate armour      |       |   116 |   319 |   198 ||   633
         Skin              |       |       |       |    23 ||    23
  Dodge: Dodged            |    34 |    39 |   126 |   108 ||   307
  Block: Buckler           |    10 |    31 |   100 |    45 ||   186

Table legend: (Time is in decaauts)
 A = Elapsed time spent in this place.
 B = Non-inter-level travel time spent in this place.
 C = Inter-level travel time spent in this place.
 D = Time resting spent in this place.
 E = Time spent auto-exploring this place.
 F = Levels seen in this place.
 G = Mean time per level.
                   A        B        C        D        E       F      G
               +--------+--------+--------+--------+--------+-----+--------+
         Total |  10861 |  10143 |    718 |   2693 |   5621 |  10 | 1086.1 |
       Dungeon |  10824 |  10123 |    701 |   2693 |   5621 |   9 | 1202.7 |
        Temple |     37 |     20 |     17 |      0 |      0 |   1 |   37.0 |
               +--------+--------+--------+--------+--------+-----+--------+

Top non-repeatable levels by time:
     D:6: 2187 daAuts
     D:8: 1470 daAuts
     D:7: 1323 daAuts
     D:5: 1185 daAuts
     D:3: 1181 daAuts
     D:4: 966 daAuts
     D:1: 939 daAuts
     D:2: 845 daAuts
     D:9: 724 daAuts
  Temple: 37 daAuts
